 Dungeon Crawl Stone Soup version 0.27.0-1-g7a089689b8 (webtiles) character file.

Game seed: 2269739587828696776

3262 Spaninq the Carver (level 9, 0/71 HPs)
             Began as a Demonspawn Monk on Aug 13, 2021.
             Was a High Priest of Nemelex Xobeh.
             Slain by an orc warrior (16 damage)
             ... on level 7 of the Dungeon.
             The game lasted 00:28:34 (10582 turns).

Spaninq the Carver (Demonspawn Monk)               Turns: 10582, Time: 00:28:34

Health: 0/71       AC: 12    Str: 14    XL:     9   Next: 68%
Magic:  14/14      EV:  7    Int: 12    God:    Nemelex Xobeh [*****.]
Gold:   668        SH:  5    Dex: 16    Spells: 8/8 levels left

rFire    + . .     SeeInvis .   a - +1 falchion
rCold    + . .     Faith    .   o - +0 buckler
rNeg     . . .     Spirit   .   y - +0 plate armour
rPois    .         Reflect  .   (no helmet)
rElec    .         Harm     .   p - scarf {rC+ rF+}
rCorr    .         Rampage  .   m - +0 pair of gloves
Will     +....                  (no boots)
Stlth    ..........             (no amulet)
HPRegen  0.21/turn              n - ring of willpower
MPRegen  0.14/turn              (no ring)

@: elixired
A: talons 1, demonic guardian 1, sturdy frame 1
a: Renounce Religion, Draw Escape, Draw Destruction, Draw Summoning, Triple
Draw, Deal Four, Stack Five


You were on level 7 of the Dungeon.
You worshipped Nemelex Xobeh.
Nemelex Xobeh was extremely pleased with you.
You visited 2 branches of the dungeon, and saw 8 of its levels.
You also visited: Bailey.

You collected 735 gold pieces.
You spent 67 gold pieces at shops.

Inventory:

Hand Weapons
 a - a +1 falchion (weapon)
 w - a +4 hunting sling
Missiles
 f - 4 throwing nets (quivered)
 x - 16 sling bullets
Armour
 m - a +0 pair of gloves (worn)
 o - a +0 buckler (worn)
 p - a scarf of resistance (worn)
 y - a +0 plate armour (worn)
Jewellery
 n - a ring of willpower (left hand)
Wands
 h - a wand of iceblast (8)
 j - a wand of acid (9)
 l - a wand of charming (10)
Scrolls
 b - a scroll of blinking
 c - 2 scrolls of enchant weapon
 d - a scroll of silence
 g - a scroll of teleportation
 r - a scroll of enchant armour {unknown}
 u - a scroll of magic mapping
Potions
 e - a potion of degeneration {unknown}
 i - a potion of might
 k - a potion of berserk rage {unknown}
 s - a potion of resistance {unknown}
 t - 3 potions of curing
 v - 2 potions of lignification


   Skills:
 + Level 6.6 Fighting
 * Level 8.2 Long Blades
 + Level 3.6 Armour
 + Level 4.7 Dodging
 - Level 1.7 Stealth
 * Level 3.0 Shields
 + Level 7.4 Invocations


You had 8 spell levels left.
You didn't know any spells.
Your spell library contained the following spells:

 Spells                   Type           Power      Damage    Failure   Level
 Ensorcelled Hibernation  Hex/Ice        0%         N/A       100%        2
 Slow                     Hex            0%         N/A       100%        2
 Static Discharge         Conj/Air       0%         N/A       100%        2
 Confusing Touch          Hex            0%         N/A       100%        3
 Gell's Gravitas          Tloc           0%         N/A       100%        3
 Lesser Beckoning         Tloc           0%         N/A       100%        3
 Spider Form              Tmut/Pois      0%         N/A       100%        3
 Summon Guardian Golem    Hex/Summ       0%         N/A       100%        3
 Teleport Other           Tloc           0%         N/A       100%        3
 Vampiric Draining        Necr           0%         2d6       100%        3
 Dispel Undead            Necr           0%         3d6       100%        4
 Sticky Flame             Conj/Fire      0%         2d3       100%        4
 Shadow Creatures         Summ           N/A        N/A       100%        6
 Orb of Destruction       Conj           0%         N/A       100%        7
 Spellforged Servitor     Conj/Summ      0%         N/A       100%        7


Dungeon Overview and Level Annotations

Branches:
Dungeon (7/15)             Temple (1/1) D:5          Bailey (visited)

Altars:
Ashenzari
Cheibriados
Dithmenos
Elyvilon
Fedhas
Gozag
Hepliaklqana
Kikubaaqudgha
Makhleb
Nemelex Xobeh
Okawaru
Qazlal
Ru
Sif Muna
Trog
Uskayaw
Vehumet
Wu Jian
Xom
Yredelemnul
Zin
The Shining One

Shops:
D:2 (   D:6 [[!==   D:7 [


Innate Abilities, Weirdness & Mutations

You have sharp toenails.
A weak demonic guardian rushes to your aid.
Your movements are slightly less encumbered by armour. (ER -2)


Message History

The orc wizard shouts!
You hear a shout!
The orc warrior throws a boomerang.
The boomerang hits you.
The orc wizard points at you and mumbles some strange words.
The magic dart hits you. The orc warrior barely misses you.
The orc wizard points at you and mumbles some strange words.
The magic dart hits you but does no damage.
The orc warrior hits you from afar with a +4 halberd!
The orc wizard points at you and mumbles some strange words.
You resist with almost no effort.
The orc warrior hits you but does no damage.
The orc warrior hits you from afar with a +4 halberd!
* * * LOW HITPOINT WARNING * * *
A demonic guardian appears!
The orc warrior throws a boomerang.
The boomerang hits you but does no damage.
Your shadow imp barely misses the orc.
Your shadow imp barely misses the orc.
Your shadow imp misses the orc.
You draw a card...
You have drawn Exile.
Your shadow imp hits the orc.
You block the orc wizard's attack.
The orc warrior hits you from afar with a +4 halberd.
* * * LOW HITPOINT WARNING * * *
You draw a card...
You have drawn Exile.
The plant is devoured by a tear in reality.
The orc closely misses your shadow imp.
Your shadow imp completely misses the orc.
The orc warrior completely misses you.
The orc hits your shadow imp with a +0 dagger.
Your shadow imp gestures at the orc warrior.
The orc barely resists.
You block the orc wizard's attack.
You feel yourself speed up.
The orc barely misses something.
The orc barely misses you.
You draw a card...
You have drawn the Tomb.
Walls emerge from the floor!
You block the orc's attack. The orc wizard barely misses you.
You draw a card...
You have drawn the Elixir.
You begin rapidly regenerating health and magic.
The orc hits you but does no damage.
The orc warrior hits you from afar with a +4 halberd!
You die...
Your body disappears without a glow.

...#.'.......#.#.......ยง.........
.....##.....##..............>...#
..#...##...##.........##.#.......
###....#####..............,,.,,..
###...........o#......#*,..,,*#
***#........##.o.5.....##...*,*#
**,*#...........##.........*.*,*.
##.........#...o##o....#.#...*,,,
.....###...#...#@o.#.........,,,,
##...*#.#......###.#.........,,**
#.#.....##...................,<**
#.#.....#............#.......,,,*
**,...#...#..................,,,*
*,,...,#.##..................,,,,
..,*,,,,,....................,,,,
..**,*,,,........................
..*,**,,,,,,,,....#.##..#....#...


You could see an orc warrior, an orc wizard and an orc.

Vanquished Creatures
  4 centaur zombies
  A wraith (D:7)
  A steam dragon (D:7)
  2 water moccasins (D:5)
  2 sky beasts
  A black bear (D:6)
  A necrophage (D:7)
  2 bullfrogs (D:7)
  2 gnoll sergeants (Bailey)
  2 scorpions
  A water moccasin skeleton (D:5)
  2 hounds (D:5)
  2 gnoll shamans (Bailey)
  An orc priest (D:5)
  6 jellies
  An iguana (D:6)
  3 orc wizards (D:5)
  A killer bee zombie (D:7)
  5 gnolls
  10 adders
  A white imp (D:7)
  An adder skeleton (D:5)
  3 worms
  2 dart slugs
  15 orcs
  8 endoplasms
  3 giant cockroaches
  10 goblins
  10 hobgoblins
  9 jackals
  11 kobolds
  4 quokkas
  6 ball pythons
  5 bats
  A frilled lizard (D:1)
  2 rats
141 creatures vanquished.

Vanquished Creatures (collateral kills)
  Grinder (D:5)
  Prince Ribbit (D:5)
  An orc warrior (D:7)
  7 gnoll sergeants
  A scorpion (D:4)
  A killer bee (D:5)
  A bullfrog zombie (D:5)
  3 hounds
  4 gnoll shamans (Bailey)
  5 orc wizards (D:7)
  2 adders
  15 gnolls
  A worm (D:4)
  A dart slug (D:4)
  An orc (D:7)
  A quokka (D:4)
46 creatures vanquished.

Vanquished Creatures (others)
  8 plants
8 creatures vanquished.

Grand Total: 195 creatures vanquished

Notes
Turn   | Place    | Note
-------+----------+-------------------------------------------
     0 | D:1      | Spaninq the Demonspawn Monk began the quest for the Orb.
     0 | D:1      | Reached XP level 1. HP: 18/18 MP: 1/1
   382 | D:1      | Reached skill level 3 in Long Blades
   508 | D:1      | Gained mutation: Your movements are slightly less
                  | encumbered by armour. (ER -2) [demonic ancestry]
   508 | D:1      | Reached XP level 2. HP: 24/24 MP: 2/2
   796 | D:1      | Found a faded altar of an unknown god.
   812 | D:1      | Became a worshipper of Nemelex Xobeh the Trickster
   812 | D:1      | Reached * piety under Nemelex Xobeh
   812 | D:1      | Received a gift from Nemelex Xobeh
   812 | D:1      | Reached ** piety under Nemelex Xobeh
   812 | D:1      | Received a gift from Nemelex Xobeh
  1236 | D:1      | Reached *** piety under Nemelex Xobeh
  1441 | D:2      | Reached XP level 3. HP: 15/29 MP: 3/3
  1675 | D:2      | Reached skill level 1 in Invocations
  1721 | D:2      | Received a gift from Nemelex Xobeh
  1791 | D:2      | Found Ukhy's Weapon Emporium.
  2449 | D:3      | Gained mutation: A weak demonic guardian rushes to your
                  | aid. [demonic ancestry]
  2449 | D:3      | Reached XP level 4. HP: 33/36 MP: 5/5
  2530 | D:3      | Reached skill level 4 in Long Blades
  2948 | D:3      | Reached **** piety under Nemelex Xobeh
  2965 | D:3      | Received a gift from Nemelex Xobeh
  3689 | D:4      | Noticed a scorpion
  3710 | D:4      | Killed a scorpion
  3711 | D:4      | Gained mutation: You have sharp toenails. [demonic
                  | ancestry]
  3711 | D:4      | Reached XP level 5. HP: 4/42 MP: 5/7
  4039 | D:4      | Reached XP level 6. HP: 33/48 MP: 8/8
  4388 | D:4      | Reached skill level 5 in Long Blades
  5007 | D:5      | Entered Level 5 of the Dungeon
  5238 | D:5      | Identified the +1 chain mail of the Soft Komodo Dragon
                  | {Harm rPois Will-}
  5431 | D:5      | Received a gift from Nemelex Xobeh
  5558 | D:5      | Reached XP level 7. HP: 38/55 MP: 10/10
  5655 | D:5      | Reached skill level 5 in Fighting
  5879 | D:5      | Noticed Prince Ribbit
  5913 | D:5      | Killed Prince Ribbit
  5914 | D:5      | Reached skill level 6 in Long Blades
  5994 | D:5      | Reached skill level 5 in Invocations
  6147 | D:5      | Noticed Sigmund
  6149 | D:5      | Noticed Sigmund
  6149 | D:5      | Sigmund changed into Sigmund the killer bee
  6151 | D:5      | Killed Sigmund the killer bee
  6334 | D:5      | Reached skill level 1 in Armour
  6363 | D:5      | Reached XP level 8. HP: 48/62 MP: 11/11
  6859 | D:5      | Found a staircase to the Ecumenical Temple.
  6868 | Temple   | Entered the Ecumenical Temple
  7053 | D:5      | Noticed Grinder
  7064 | D:5      | Killed Grinder
  7141 | D:6      | Reached skill level 7 in Long Blades
  7242 | D:6      | Found Yjoic's Armour Emporium.
  7444 | D:6      | Received a gift from Nemelex Xobeh
  7901 | D:6      | Found an opulent altar of Gozag.
  7918 | D:6      | Found a bloodstained altar of Trog.
  7918 | D:6      | Found a broken altar of Ashenzari.
  7919 | D:6      | Found an ancient bone altar of Kikubaaqudgha.
  7921 | D:6      | Found a sparkling altar of Nemelex Xobeh.
  7969 | D:6      | Found Boqumnearch's Distillery.
  7972 | D:6      | Reached ***** piety under Nemelex Xobeh
  7972 | D:6      | Found Vutrar's Jewellery Boutique.
  8065 | D:6      | Found Qeravvif's Jewellery Shoppe.
  8160 | D:6      | Found Zylu's Armour Shop.
  8169 | D:6      | Bought a +0 buckler for 67 gold pieces
  8302 | D:7      | Reached XP level 9. HP: 34/69 MP: 13/13
  8356 | D:7      | Found a flagged portal.
  8574 | Bailey   | Entered a bailey
  8608 | Bailey   | Reached skill level 1 in Shields
  9443 | D:7      | Found Ibboitu's Armour Emporium.
  9790 | D:7      | Reached skill level 8 in Long Blades
 10164 | D:7      | Found a snail-covered altar of Cheibriados.
 10582 | D:7      | Slain by an orc warrior

Illustrated notes

Levels and vault maps discovered:
D:1:      dpeg_arrival_rooms_a, layout_loops_corners,
          chequers_ecumenical_altar_island, minmay_misc_feat_alley,
          serial_bayou_lake_a
D:2:      layout_rooms, serial_shops, shop, minmay_misc_feat_hallway
D:3:      layout_basic, minivault_5
D:4:      layout_loops_ring
D:5:      layout_basic, temple_hall_moat, uniq_grinder, uniq_sigmund,
          uniq_prince_ribbit1
D:6:      layout_basic, minitemple, serial_shops, nicolae_square_shop,
          kennysheep_mini_moat, nicolae_lakefront_shop, shop, shop,
          grunt_decor_arrowhead
D:7:      layout_layer_cave, mainiacjoe_overflow_cross_hatched, enter_bailey_3,
          kennysheep_windowed_goal, uniq_menkaure
Temple:   cyrus_circular_temple

Skill      XL: |  1  2  3  4  5  6  7  8  9 |
---------------+----------------------------+-----
Long Blades    | 3 4 5 6 7 8 |  8.2
Invocations    | 1 2 3 4 5 6 7 |  7.4
Fighting       | 4 5 6 |  6.6
Dodging        | 3 4 |  4.7
Armour         | 1 2 3 |  3.6
Shields        | 3 |  3.0
Stealth        | |  1.7

Action                   |  1- 3 |  4- 6 |  7- 9 || total
-------------------------+-------+-------+-------++-------
Melee: Falchion          |   153 |   241 |   326 ||   720
       Kick              |       |    37 |   114 ||   151
Invok: Draw Destruction  |       |     3 |    15 ||    18
       Draw Summoning    |       |     2 |    11 ||    13
       Draw Escape       |       |       |     4 ||     4
  Use: Potion            |       |     1 |       ||     1
       Scroll            |       |    12 |     2 ||    14
 Stab: Sleeping          |     2 |       |       ||     2
       Distracted        |       |     1 |       ||     1
Armor: Robe              |     7 |       |       ||     7
       Scale mail        |    38 |    51 |       ||    89
       Ring mail         |     9 |       |       ||     9
       Chain mail        |       |    89 |   122 ||   211
       Plate armour      |       |       |    83 ||    83
Dodge: Dodged            |    76 |    93 |   126 ||   295
Block: Buckler           |       |       |    35 ||    35
       Rpst.: Falchion   |    28 |    26 |    28 ||    82
